 Dungeon Crawl Stone Soup version 0.24.0-41-g2ae2f7f1be (webtiles) character file.

Game seed: 4941841793502829790, levelgen mode: deterministic

2417 Froggeryz the Basher (level 9, -17/51 HPs)
             Began as a Gargoyle Fighter on Dec 13, 2019.
             Demolished by an orc warrior
             ... wielding a +0 halberd
              (18 damage)
             ... on level 7 of the Dungeon.
             The game lasted 00:07:26 (5695 turns).

Froggeryz the Basher (Gargoyle Fighter)             Turns: 5695, Time: 00:07:27

Health: -17/51     AC: 15    Str: 21    XL:     9   Next: 47%
Magic:  9/9        EV: 11    Int: 11    God:
Gold:   146        SH:  9    Dex:  9    Spells: 8/8 levels left

rFire    . . .     SeeInvis .   w - +0 flail (drain)
rCold    . . .     Gourm    .   c - +0 shield
rNeg     + . .     Faith    .   b - +0 scale mail
rPois    ∞         Spirit   .   C - +1 hat {MR+}
rElec    +         Reflect  .   o - scarf {repulsion}
rCorr    +         Harm     .   v - +0 pair of gloves
MR       +....                  (no boots)
Stlth    ..........             (no amulet)
HPRegen  0.17/turn              A - +4 ring of evasion
MPRegen  0.11/turn              z - ring of resist corrosion

@: repel missiles
A: negative energy resistance 1, electricity resistance, unbreathing,
petrification resistance, rot immunity, AC +6
a: no special abilities


You were on level 7 of the Dungeon.
You were hungry.

You visited 1 branch of the dungeon, and saw 7 of its levels.

You collected 386 gold pieces.
You spent 240 gold pieces at shops.

Inventory:

Hand Weapons
 w - a +0 flail of draining (weapon)
Missiles
 a - 18 poisoned darts (quivered)
 y - 6 javelins
Armour
 b - a +0 scale mail (worn)
 c - a +0 shield (worn)
 o - a scarf of repulsion (worn)
 p - a +0 cloak
 v - a +0 pair of gloves (worn)
 C - a +1 hat of magic resistance (worn)
Jewellery
 l - an uncursed ring of ice
 z - a ring of resist corrosion (right hand)
 A - a +4 ring of evasion (left hand)
Scrolls
 e - 3 scrolls of noise {unknown}
 g - a scroll of enchant armour {unknown}
 h - 4 scrolls of remove curse {unknown}
 j - 2 scrolls of teleportation {unknown}
 k - 6 scrolls of identify {unknown}
 m - a scroll of enchant weapon {unknown}
 n - a scroll of immolation {unknown}
 r - a scroll of random uselessness {unknown}
 s - 2 scrolls of amnesia {unknown}
 t - 3 scrolls of magic mapping {unknown}
Potions
 d - 2 potions of might
 i - 6 potions of curing {unknown}
 u - 2 potions of heal wounds {unknown}
 x - a potion of flight {unknown}
 B - a potion of mutation {unknown}
 D - a potion of ambrosia {unknown}
Comestibles
 f - 16 rations


   Skills:
 - Level 3.2 Fighting
 + Level 12.2 Maces & Flails
 - Level 3.2 Armour
 - Level 1.0 Dodging
 - Level 3.2 Shields


You had 8 spell levels left.
You didn't know any spells.
Your spell library contained the following spells:

 Spells                   Type           Power        Failure   Level  Hunger
 Recall                   Summ/Tloc      N/A          100%        3    ####...
 Animate Dead             Necr           N/A          100%        4    #####..
 Borgnjor's Vile Clutch   Necr/Erth      #.........   100%        5    ######.
 Death Channel            Necr           #.........   100%        6    #######
 Simulacrum               Ice/Necr       #.........   100%        6    #######


Dungeon Overview and Level Annotations

Branches:
Dungeon (7/15)
 Temple: D:4-7

Altars:
Ashenzari
Dithmenos
Sif Muna

Shops:
D:7 [[}


Innate Abilities, Weirdness & Mutations

You are resistant to torment.
Your stone body is resilient. (AC +6)
You are immune to poison.
You resist negative energy. (rN+)
You are resistant to electric shocks. (rElec)
You can survive without breathing.
You are immune to petrification.
You are immune to rotting.


Message History

You block the jackal's attack.
Unknown command.
Unknown command.
You closely miss the orc warrior.
The orc warrior is severely wounded.
You block the jackal's attack. The jackal barely misses you.
The jackal bites you but does no damage.
The orc warrior hits you but does no damage.
The jackal barely misses you. x2
Unknown command.
You barely miss the orc warrior.
The orc warrior is severely wounded.
You block the jackal's attack. x2
The orc warrior hits you with a +0 halberd!
* * * LOW HITPOINT WARNING * * *
The jackal bites you but does no damage.
The bullfrog releases a deep croak.
The jackal misses you.
The orc warrior hits you from afar with a +0 halberd!!
You die...

##### ######
#########.## ##.....
........#... .......
.....)...... #......
#######.#.## #......
#..... .......##
########...
......hh######.......^..
#...oo@................
###.ohh#####....#######
.Fo..#.#####....## #
..##...........## .
.....#####.## #.### #.#
#.. #.# #. #.# #.#


You could see 2 orc warriors, a bullfrog, 2 orcs and 4 jackals.

Vanquished Creatures
  Sigmund (D:3)
  An ice beast (D:6)
  A black bear (D:6)
  2 orc warriors
  A sky beast (D:7)
  6 ogres
  2 centaurs (D:6)
  2 bullfrogs (D:6)
  3 wights (D:6)
  A howler monkey (D:4)
  4 crimson imps
  4 hounds
  2 orc wizards
  2 bullfrog skeletons
  A centaur zombie (D:7)
  An orc priest (D:7)
  Crazy Yiuf (D:2)
  Terence (D:2)
  6 worker ants
  A hound zombie (D:5)
  A worker ant zombie (D:6)
  Robin (D:2)
  6 adders
  2 oozes
  2 adder skeletons (D:4)
  An adder zombie (D:6)
  4 worms
  4 dart slugs
  2 leopard geckos
  19 orcs
  7 bats
  3 giant cockroaches (D:1)
  14 goblins
  6 hobgoblins
  13 jackals
  2 quokkas
  A ball python (D:3)
  6 frilled lizards
  A giant cockroach zombie (D:5)
  9 kobolds
  A leopard gecko skeleton (D:6)
  A leopard gecko zombie (D:7)
  A quokka skeleton (D:6)
  A quokka zombie (D:5)
  13 rats
  A bush (D:4)
  A fungus (D:2)
166 creatures vanquished.

Vanquished Creatures (others)
  3 bushes (D:4)
  4 plants (D:4)
7 creatures vanquished.

Grand Total: 173 creatures vanquished

Notes
Turn   | Place    | Note
-------+----------+-------------------------------------------
     0 | D:1      | Froggeryz the Gargoyle Fighter began the quest for the Orb.
     0 | D:1      | Reached XP level 1. HP: 14/14 MP: 1/1
   128 | D:1      | Reached XP level 2. HP: 15/19 MP: 2/2
   174 | D:1      | Reached skill level 3 in Maces & Flails
   325 | D:1      | Reached XP level 3. HP: 23/23 MP: 3/3
   982 | D:2      | Noticed Terence
   997 | D:2      | Killed Terence
   997 | D:2      | Reached skill level 4 in Maces & Flails
   997 | D:2      | Reached skill level 1 in Dodging
   997 | D:2      | Reached XP level 4. HP: 19/28 MP: 4/4
  1182 | D:2      | Noticed Robin
  1283 | D:2      | Killed Robin
  1685 | D:2      | Found a runed translucent door.
  1686 | D:2      | Noticed Crazy Yiuf
  1703 | D:2      | Killed Crazy Yiuf
  1703 | D:2      | Reached skill level 5 in Maces & Flails
  1703 | D:2      | Reached XP level 5. HP: 25/32 MP: 5/5
  1814 | D:3      | Noticed Sigmund
  1883 | D:3      | Killed Sigmund
  1883 | D:3      | Reached skill level 6 in Maces & Flails
  1883 | D:3      | Reached XP level 6. HP: 21/37 MP: 6/6
  2358 | D:3      | Found a shadowy altar of Dithmenos.
  2804 | D:4      | Reached skill level 7 in Maces & Flails
  2822 | D:4      | Reached XP level 7. HP: 34/41 MP: 7/7
  3206 | D:4      | Reached skill level 8 in Maces & Flails
  3778 | D:5      | Entered Level 5 of the Dungeon
  3953 | D:5      | Found a shattered altar of Ashenzari.
  3988 | D:5      | Reached XP level 8. HP: 46/46 MP: 8/8
  4018 | D:5      | Reached skill level 9 in Maces & Flails
  4456 | D:6      | Reached skill level 10 in Maces & Flails
  4729 | D:6      | Reached skill level 11 in Maces & Flails
  4729 | D:6      | Reached XP level 9. HP: 51/51 MP: 9/9
  5393 | D:7      | Found Kothriun's Gadget Emporium.
  5435 | D:7      | Found Ceeps's Armour Shoppe.
  5439 | D:7      | Bought a +1 hat of magic resistance for 240 gold pieces
  5464 | D:7      | Found Jateiza's Armour Boutique.
  5485 | D:7      | Found a shadowy altar of Dithmenos.
  5485 | D:7      | Found a shimmering blue altar of Sif Muna.
  5548 | D:7      | Reached skill level 12 in Maces & Flails
  5695 | D:7      | HP: 1/51 [orc warrior/+0 halberd (16)]
  5695 | D:7      | Demolished by an orc warrior

Levels and vault maps discovered:
D:1:      lemuel_arrival_funnel, layout_loops_ring
D:2:      layout_basic, minmay_strange_pillars, uniq_terence, uniq_robin,
          uniq_crazy_yiuf_cottage
D:3:      layout_loops_cross, nicolae_dithmenos_through_a_glass_darkly,
          uniq_sigmund
D:4:      layout_basic, serial_forest, infiniplex_forest_clump_double,
          infiniplex_forest_straight_1, infiniplex_forest_clump_long,
          infiniplex_forest_pool, infiniplex_forest_clump_double,
          infiniplex_forest_end_2, infiniplex_forest_corner_2,
          infiniplex_forest_clump_long, infiniplex_forest_zigzag_1,
          infiniplex_forest_straight_4
D:5:      layout_loops_cross, first_ration, nicolae_ashenzari_panopticon
D:6:      layout_basic, serial_co_window_serial, co_window_corner_a,
          co_window_of_opportunity_a, co_window_of_opportunity_a,
          co_window_of_opportunity_a, co_window_paths_a,
          co_window_unsneaky_path_c, co_window_broadway_b, co_window_corner_b,
          glass_columns_c, glass_columns_a, glass_columns_a, glass_columns_a,
          hangedman_decor_clover_reticule
D:7:      minmay_the_grid_octo_triangle [minmay_the_grid_octo_shrine,
          minmay_the_grid_octo_prize_ultimate_mussel_roller,
          minmay_the_grid_octo_clover], layout_basic,
          gammafunk_temple_overflow_wave, grunt_temple_overflow_open,
          minmay_temple_entry_slanted, ebering_ghost_reflecting_pool,
          serial_shops, shop_coins, shop, shop, shop_fountains, shop

Skill      XL: |  1  2  3  4  5  6  7  8  9 |
---------------+----------------------------+-----
Maces & Flails | 3 4 5 6 7 8 11 12 | 12.2
Dodging        | 1 |  1.0
Fighting       | |  3.2
Armour         | |  3.2
Shields        | |  3.2

Action                   |  1- 3 |  4- 6 |  7- 9 || total
-------------------------+-------+-------+-------++-------
Melee: Flail             |   151 |   274 |   344 ||   769
Throw: Dart              |       |       |     1 ||     1
  Eat: Chunk             |       |     7 |     9 ||    16
Armor: Scale mail        |   102 |    87 |   158 ||   347
Dodge: Dodged            |    41 |    48 |   109 ||   198
       Deflected         |       |     1 |     2 ||     3
Block: Shield            |    98 |    98 |   178 ||   374
